 Dungeon Crawl Stone Soup version 0.13-a0-2174-g3a0f4b0 (console) character file.

81649 Illaniel the Infuser (level 15, 0/96 HPs)
             Began as a High Elf Skald on June 28, 2013.
             Was a High Priest of Zin.
             Slain by a death yak (27 damage)
             ... on Level 8 of the Lair of Beasts on July 1, 2013.
             The game lasted 05:02:44 (41083 turns).

Illaniel the Infuser (High Elf Skald)              Turns: 41083, Time: 05:02:44

HP   0/96        AC 16     Str 13      XL: 15   Next: 24%
MP  12/35        EV 20     Int 20      God: Zin [*****.]
Gold 844         SH  0     Dex 17      Spells:  9 memorised, 16 levels left

Res.Fire  : + . .   See Invis. : .   a - +9,+3 falchion "Lifebane" {freeze, rC+ Stl Res.Cold : + . . Warding : + l - +2 elf robe {rF+} Life Prot.: + . . Conserve : . (no shield)
Res.Poison: .       Res.Corr.  : .   N - +1 helmet
Res.Elec. : .       Clarity    : .   k - +2 cloak
Sust.Abil.: + .     Spirit.Shd : .   C - +1 pair of gauntlets
Res.Mut.  : +       Stasis     : .   Z - +1 pair of boots
Res.Rott. : .       Flight     : .   s - amulet of warding
Saprovore : . . .                    L - ring of sustain abilities
                                     g - cursed +2 ring of protection

@: quick, quite resistant to hostile enchantments, unstealthy
A: no striking features
a: Recite, Vitalisation, Imprison, Sanctuary, Renounce Religion, Stop Singing


You were on level 8 of the Lair of Beasts.
You worshipped Zin.
Zin was exalted by your worship.
You were very hungry.

You visited 4 branches of the dungeon, and saw 26 of its levels.
You also visited: Volcano.

You collected 1618 gold pieces.
You spent 631 gold pieces at shops.
You donated 163 gold pieces.

Inventory:

Hand weapons
 a - the +9,+3 falchion "Lifebane" (weapon) {freeze, rC+ Stlth-}
   (You bought it in a shop on level 9 of the Dungeon)

   It has been specially enchanted to freeze those struck by it, causing extra
   injury to most foes and up to double damage against particularly susceptible
   opponents.
   It can also slow down cold-blooded creatures.
   It protects you from cold.
   It makes you much less stealthy.
 b - the +6,+2 great sword of the Ancients {flame, Dex-1 Stlth+}
   (You bought it in a shop on level 9 of the Dungeon)

   It emits flame when wielded, causing extra injury to most foes and up to
   double damage against particularly susceptible opponents.
   Big, fiery blades are also staple armaments of hydra-hunters.
   It affects your dexterity (-1).
   It makes you much more stealthy.
 m - a +2,+2 dwarven dagger of venom (quivered)
 v - a -1 orcish blowgun
Missiles
 r - 41 poisoned needles
Armour
 k - a +2 cloak (worn)
 l - a +2 elven robe of fire resistance (worn)
 C - a +1 pair of gauntlets (worn)
 N - a +1 helmet (worn)
 Z - a +1 pair of boots (worn)
Magical devices
 d - a wand of invisibility (6)
 e - a wand of digging (11)
 E - a wand of heal wounds (4)
 F - a wand of teleportation (3)
 P - a wand of digging (15)
 S - a wand of fireball (4)
Scrolls
 h - a scroll of immolation
 i - a scroll of identify
 n - 6 scrolls of fog
 o - 2 scrolls of teleportation
 u - a scroll of noise
 y - 2 scrolls of curse armour
 z - 3 scrolls of magic mapping
 G - 5 scrolls of curse jewellery
 H - 3 scrolls of fear
 K - 2 scrolls of silence
 T - 2 scrolls of curse weapon
 W - a scroll of remove curse
 X - a scroll of vulnerability
Jewellery
 g - a cursed +2 ring of protection (left hand)
 q - an uncursed amulet of stasis
 s - an amulet of warding (around neck)
 x - an uncursed ring of teleport control
 L - a ring of sustain abilities (right hand)
Potions
 c - a potion of resistance
 j - 5 potions of curing
 p - a potion of paralysis
 t - 3 potions of mutation
 w - 4 potions of brilliance
 A - 2 potions of heal wounds
 B - 2 potions of berserk rage
 D - 3 potions of might
 I - 2 potions of agility
 M - a potion of restore abilities
 O - a potion of poison
 Q - 2 potions of magic
 R - a potion of slowing
 U - 3 potions of speed
 Y - 3 potions of flight
Rods
 V - a +5 rod of venom (10/10)
   (You found it on level 6 of the Lair of Beasts)


   Skills:
 + Level 7.8 Fighting
 - Level 2.4 Short Blades
 * Level 12.7 Long Blades
 + Level 6.6 Armour
 * Level 11.0 Dodging
 + Level 8.4 Stealth
 + Level 6.4 Traps
 * Level 11.7 Spellcasting
 - Level 6.0 Hexes
 * Level 12.8 Charms
 + Level 0.3 Summonings
 + Level 3.7 Translocations
 + Level 4.4 Ice Magic
 * Level 10.5 Air Magic
 * Level 11.2 Invocations
 + Level 5.8 Evocations


You had 16 spell levels left.
You knew the following spells:

 Your Spells              Type           Power        Failure   Level  Hunger
a - Infusion              Chrm           ######       1%          1    None
b - Song of Slaying       Chrm           ######....   1%          2    None
c - Spectral Weapon       Hex/Chrm       #####...     1%          3    None
d - Flight                Chrm/Air       ######....   1%          3    None
e - Swiftness             Chrm/Air       ######....   1%          2    None
f - Repel Missiles        Chrm/Air       ######....   1%          2    None
g - Ozocubu's Armour      Chrm/Ice       #####.....   1%          3    None
t - Blink                 Tloc           N/A          1%          2    None
x - Abjuration            Summ           ##........   17%         3    None


Dungeon Overview and Level Annotations

Branches:
Dungeon (15/27)            Temple (1/1) D:5             Orc (0/4) D:10
   Lair (8/8) D:11         Shoals (2/5) Lair:3       Spider (0/5) Lair:6
  Slime (0/6) Lair:6
 Vaults: D:15-20

Altars:
Ashenzari
Elyvilon
Fedhas
Makhleb
Nemelex Xobeh
Okawaru
Vehumet
Xom
Yredelemnul
Zin
the Shining One

Shops:
D:7: =/?== D:9: [((% D:14: (

Portals:
Trove: D:10 (give 12 potions of heal wounds)

Annotations
Lair:5 Rupert


Message History

You draw out your weapon's spirit!
The death yak gores the plant.
The death yak closely misses you.
The death yak gores you but does no damage.
You hit the death yak. You freeze the death yak.
The death yak is almost dead.
You slash the death yak! You freeze the death yak.
You kill the death yak!
You are feeling very hungry.
The death yak completely misses you.
You hit the death yak. You freeze the death yak.
The death yak is heavily wounded.
Your spectral weapon barely misses the death yak.
The death yak gores you but does no damage.
The death yak gores you!
* * * LOW HITPOINT WARNING * * *
You hit the death yak! You freeze the death yak.
The death yak is severely wounded.
Your spectral weapon barely misses the death yak.
The death yak gores you!
You die... ∙P∙∙∙∙∙ ∙P∙∙∙∙∙∙ ▒ ∙∙∙∙∙∙∙∙∙ ▒∙∙ ▒▒▒▒▒∙∙∙∙ff∙P ∙∙∙∙▒ ▒▒∙∙▒▒∙∙∙∙∙∙P∙ ∙∙∙∙∙▒▒▒∙∙∙∙∙∙∙∙∙∙∙∙∙∙ ▒▒∙∙∙∙∙∙8∙∙∙∙∙∙∙∙∙∙∙?∙∙∙∙∙∙∙∙ ▒▒▒∙∙∙∙8∙∙∙∙∙∙∙∙∙∙∙∙∙f∙∙∙∙∙∙∙∙∙∙ ∙∙∙∙∙∙∙∙∙∙8∙∙∙∙∙P∙∙∙f∙^∙∙∙∙∙∙∙∙

∙∙∙∙∙8∙∙∙∙∙∙∙∙PYP▒∙▒ff∙∙∙∙∙∙▒∙∙▒
∙∙∙∙∙∙∙∙∙∙∙∙8∙∙P@Y▒▒∙∙∙∙∙P∙∙∙▒∙▒▒
∙∙∙∙∙∙∙∙∙∙∙∙∙∙∙∙∙(∙∙▒∙∙P∙∙∙∙∙▒∙∙∙
∙∙∙▒ ▒∙∙∙∙∙∙∙∙∙∙∙∙∙∙∙∙∙∙∙∙∙∙∙∙▒▒∙
∙∙∙▒▒▒∙∙∙∙▒∙f∙∙∙∙∙∙∙∙∙∙∙∙∙∙∙∙∙∙∙∙
∙∙∙∙∙∙∙∙∙∙∙▒∙∙∙∙^%∙∙∙∙∙∙∙∙∙∙∙Pf∙∙
<∙∙▒▒∙∙∙∙∙∙∙∙▒∙∙∙∙∙∙∙∙∙∙∙∙∙∙▒▒∙∙▒
∙∙∙∙▒∙∙∙∙∙∙∙∙∙∙∙∙∙∙∙∙∙∙▒▒P∙∙▒ ▒▒
∙∙∙▒▒∙∙∙∙∙∙∙∙∙∙∙∙∙∙∙∙▒▒▒▒∙∙∙▒▒
∙∙∙▒▒∙P∙∙∙∙∙∙∙∙∙∙∙∙∙∙▒ ▒▒∙∙∙∙▒
∙∙∙▒∙P∙∙∙∙∙∙∙∙∙∙∙∙∙∙∙▒ ▒∙∙∙▒∙▒▒
∙∙∙∙PPP∙∙∙∙∙∙∙∙∙∙∙∙∙▒▒ ▒▒∙∙▒∙∙▒


You could see 2 death yaks and a friendly spectral falchion "Lifebane" {freeze,
rC+ Stlth-}.

Vanquished Creatures
  Roxanne (Shoals:1)
  Maud (Lair:5)
  Fannar (Lair:5)
  An ice dragon (Lair:6)
  5 hydras
  7 death yaks
  4 centaur warriors (D:15)
  5 skeletal warriors (D:15)
  Erolcha (D:8)
  2 unseen horrors
  A lindwurm (Lair:7)
  4 hill giants
  A giant amoeba (Lair:1)
  An oklob plant (D:11)
  A hydra zombie (D:10)
  A harpy (Shoals:1)
  A trapdoor spider zombie (D:9)
  A cyclops (D:13)
  Maurice (D:8)
  An eye of devastation (Lair:6)
  7 black mambas
  A griffon zombie (D:15)
  2 elephant slugs
  A spectral weapon (D:9)
  A spiny worm zombie (D:14)
  3 slime creatures (D:15)
  9 elephants
  A queen ant (Lair:2)
  A feature mimic (Lair:6)
  7 spiny frogs
  Psyche (D:9)
  14 ugly things
  A mermaid (shapeshifter) (D:15)
  2 hill giant skeletons
  2 mermaids
  6 trolls
  Grinder (D:3)
  7 komodo dragons
  3 two-headed ogres
  3 snapping turtles
  75 yaks
  A vampire (D:15)
  4 basilisks
  13 blink frogs
  A grizzly bear (Lair:5)
  A shark (Shoals:2)
  11 hippogriffs
  A hungry ghost (D:13)
  3 vampire mosquitoes (D:14)
  2 hogs (D:14)
  Grum (D:13)
  4 merfolk
  A wyvern (D:14)
  A hill giant simulacrum (D:15)
  3 wolves (D:13)
  7 manticores
  2 necrophages
  A steam dragon (D:12)
  7 soldier ants (Lair:2)
  A rock worm (D:15)
  A komodo dragon skeleton (D:13)
  A phantom (D:8)
  A cyclops zombie (D:11)
  A human (D:14)
  A yellow wasp (D:7)
  A mottled dragon (D:14)
  5 sky beasts
  7 porcupines
  8 orc warriors
  3 black bears
  3 cyclops skeletons
  A rock worm zombie (D:14)
  A yak zombie (D:8)
  4 ice beasts
  2 troll skeletons
  10 crocodiles
  2 troll zombies
  10 centaurs
  A hippogriff skeleton (D:10)
  8 ogres
  Duvessa (D:4)
  10 water moccasins
  A fire crab simulacrum (D:15)
  A boring beetle zombie (D:15)
  4 giant slugs
  A boring beetle (Lair:3)
  21 giant frogs
  5 big kobolds
  7 agate snails
  A centaur skeleton (D:5)
  4 giant frog skeletons
  4 eyes of draining
  18 killer bees
  3 jellyfish (Lair:1)
  4 wights (D:12)
  3 electric eels (Lair:1)
  5 big fish (Lair:1)
  A crocodile skeleton (D:10)
  2 goliath beetles
  Dowan (D:4)
  A quasit (D:9)
  2 ogre skeletons
  11 crimson imps
  A mottled dragon skeleton (D:15)
  18 hounds
  A hound skeleton (D:8)
  13 orc priests
  19 orc wizards
  8 iguanas
  34 worker ants
  A scorpion (D:11)
  8 sheep
  A worker ant zombie (D:10)
  Jessica (D:3)
  15 jellies
  24 adders
  A giant centipede zombie (D:15)
  57 green rats
  4 giant centipedes
  4 giant mites
  7 worms
  A giant eyeball (D:10)
  4 giant geckos
  15 oozes
  41 orcs
  28 bats
  16 hobgoblins
  36 kobolds
  13 quokkas
  A ball python (D:3)
  3 giant cockroaches
  5 giant newts
  13 goblins
  31 jackals
  A quokka skeleton (D:4)
  25 rats
  4 plants
890 creatures vanquished.

Vanquished Creatures (others)
  A hill giant (D:11)
  A hill giant skeleton (D:11)
  An orc wizard (D:13)
  37 spectral weapons
  2 green rats (Lair:3)
  2 orcs (D:7)
  3 fungi
47 creatures vanquished.

Grand Total: 937 creatures vanquished

Notes
Turn   | Place    | Note
--------------------------------------------------------------
     0 | D:1      | Illaniel, the High Elf Skald, began the quest for the Orb.
     0 | D:1      | Reached XP level 1. HP: 14/14 MP: 3/3
   290 | D:1      | Reached skill level 1 in Armour
   458 | D:1      | Reached XP level 2. HP: 14/19 MP: 1/5
   562 | D:1      | Reached skill level 4 in Charms
   653 | D:1      | Learned a level 2 spell: Song of Slaying
   656 | D:1      | Learned a level 2 spell: Shroud of Golubria
  1616 | D:2      | Reached XP level 3. HP: 20/24 MP: 0/8
  2182 | D:3      | Noticed Jessica
  2197 | D:3      | Killed Jessica
  2337 | D:3      | Reached XP level 4. HP: 28/30 MP: 2/11
  2476 | D:3      | Noticed Grinder
  2591 | D:3      | Learned a level 3 spell: Spectral Weapon
  3190 | D:3      | Killed Grinder
  3190 | D:3      | Reached skill level 5 in Charms
  3190 | D:3      | Reached XP level 5. HP: 20/36 MP: 0/14
  3190 | D:3      | Reached XP level 6. HP: 22/41 MP: 0/17
  3480 | D:4      | Noticed Duvessa
  3498 | D:4      | Killed Duvessa
  3579 | D:4      | Noticed Dowan
  3598 | D:4      | Killed Dowan
  3735 | D:4      | HP: 1/41 [ogre/great mace of draining (14)]
  4473 | D:4      | Noticed a troll
  4644 | D:5      | Entered Level 5 of the Dungeon
  4651 | D:5      | Found a burning altar of Makhleb.
  4666 | D:5      | Reached XP level 7. HP: 29/46 MP: 10/20
  4702 | D:5      | Found a staircase to the Ecumenical Temple.
  4712 | Temple   | Entered the Ecumenical Temple
  4718 | Temple   | Became a worshipper of Zin the Law-Giver
  4718 | Temple   | Acquired Zin's first power
  4937 | D:5      | Reached skill level 1 in Invocations
  5179 | D:5      | Acquired Zin's second power
  5874 | D:6      | Reached XP level 8. HP: 40/53 MP: 10/21
  5880 | D:6      | Reached skill level 5 in Spellcasting
  5882 | D:6      | Reached skill level 6 in Charms
  6386 | D:6      | HP: 2/53 [orc wizard/magic dart (2)]
  6941 | D:6      | HP: 1/53 [orc warrior/orcish mace (3)]
  7323 | D:7      | Found Igup La Loa's Magical Wand Shop.
  7539 | D:7      | Found Foang's Jewellery Shoppe.
  7564 | D:7      | Bought an uncursed amulet of inaccuracy for 26 gold pieces
  7621 | D:7      | Found an iron altar of Okawaru.
  7776 | D:7      | Reached skill level 1 in Long Blades
  7836 | D:7      | Found Ocae's Jewellery Boutique.
  8031 | D:7      | Found Wipuok Qoum's Jewellery Shoppe.
  8051 | D:7      | Acquired Zin's third power
  8055 | D:7      | Bought a cursed -2 ring of intelligence for 20 gold pieces
  8055 | D:7      | Bought a cursed ring of hunger for 20 gold pieces
  8210 | D:7      | Found Akkaok's Magic Scroll Shop.
  8227 | D:7      | Bought a scroll of identify for 26 gold pieces
  8227 | D:7      | Bought a scroll of curse armour for 26 gold pieces
  8478 | D:5      | Reached XP level 9. HP: 58/58 MP: 17/23
  8579 | D:4      | Reached skill level 5 in Long Blades
  8636 | D:4      | Killed a troll
  9124 | D:7      | Upgraded the game from 0.13-a0-2133-ge955d09 to 0.13-a0-2144-gf0858a5
  9609 | D:8      | Learned a level 2 spell: Repel Missiles
  9612 | D:8      | Learned a level 2 spell: Swiftness
  9638 | D:8      | Noticed Maurice
  9737 | D:8      | Reached skill level 5 in Dodging
 10117 | D:8      | Reached skill level 1 in Hexes
 10319 | D:9      | Found Qiugis' Food Emporium.
 10325 | D:9      | Noticed Erolcha
 10327 | D:9      | Reached skill level 1 in Air Magic
 10355 | D:8      | Zin protects you from harm!
 10357 | D:8      | Killed Erolcha
 10357 | D:8      | Reached skill level 1 in Stealth
 10357 | D:8      | Reached skill level 1 in Traps
 10578 | D:9      | Reached skill level 5 in Fighting
 10799 | D:9      | Reached skill level 7 in Charms
 10846 | D:9      | Reached skill level 1 in Translocations
 10957 | D:8      | Reached XP level 10. HP: 52/64 MP: 16/25
 11551 | D:9      | Noticed Psyche
 11763 | D:8      | Killed Maurice
 11805 | D:8      | Reached skill level 5 in Invocations
 12630 | D:9      | Killed Psyche
 12808 | D:9      | Found Creedwe's Antique Weapon Shoppe.
 12813 | D:9      | Bought a crude falchion for 216 gold pieces
 12818 | D:9      | Identified the falchion "Lifebane" {freeze, rC+ Stlth-} (You bought it in a shop on level 9 of the Dungeon)
 13033 | D:9      | Reached skill level 8 in Charms
 13374 | D:9      | Found Eqaa's Armour Shoppe.
 13376 | D:9      | Found Yluymues' Antique Weapon Emporium.
 13393 | D:9      | Reached XP level 11. HP: 46/70 MP: 15/28
 13593 | D:10     | Entered Level 10 of the Dungeon
 13678 | D:10     | Noticed a hill giant
 13690 | D:10     | Killed a hill giant
 13883 | D:10     | Found a portal to a secret trove of treasure.
 14012 | D:10     | Reached skill level 5 in Air Magic
 14705 | D:10     | Found a staircase to the Orcish Mines.
 14798 | D:10     | Paralysed by a giant eyeball for 3 turns
 14804 | D:10     | Paralysed by a giant eyeball for 2 turns
 16143 | D:11     | Reached skill level 1 in Evocations
 16171 | D:11     | Reached skill level 9 in Charms
 16473 | D:11     | Killed a hill giant
 16630 | D:11     | Found a staircase to the Lair.
 16756 | Lair:1   | Entered Level 1 of the Lair of Beasts
 16906 | Lair:1   | Paralysed by a potion of paralysis for 5 turns
 17537 | Lair:1   | Noticed a giant amoeba
 17558 | Lair:1   | Killed a giant amoeba
 17574 | Lair:1   | Reached skill level 5 in Armour
 18148 | Lair:1   | Reached XP level 12. HP: 63/77 MP: 23/29
 19068 | Lair:2   | Reached skill level 5 in Stealth
 20226 | Lair:1   | Upgraded the game from 0.13-a0-2144-gf0858a5 to 0.13-a0-2156-ga9a2eb8
 21139 | Lair:3   | Got a slimy leather armour
 21161 | Lair:2   | Identified the +0 leather armour "Phuytadgh" {Str+2 Dex-4} (You found it on level 3 of the Lair of Beasts)
 21982 | Lair:3   | Found a staircase to the Shoals.
 22448 | Lair:3   | Found a radiant altar of Vehumet.
 22925 | Lair:3   | Reached skill level 10 in Long Blades
 23234 | Lair:3   | Reached skill level 10 in Charms
 23457 | Lair:4   | Reached skill level 5 in Hexes
 23560 | Lair:4   | Got a twisted falchion
 23570 | Lair:3   | Identified the cursed falchion of Impatience {slay orc, Dex+2} (You found it on level 4 of the Lair of Beasts)
 24075 | D:9      | Bought a dazzling great sword for 297 gold pieces
 24076 | D:9      | Identified the great sword of the Ancients {flame, Dex-1 Stlth+} (You bought it in a shop on level 9 of the Dungeon)
 24431 | D:11     | Killed an unseen horror
 25042 | D:12     | Identified the Reference Book on Scorching Aid
 25073 | D:12     | Learned a level 3 spell: Ozocubu's Armour
 25080 | D:12     | Noticed a four-headed hydra
 25092 | D:12     | Killed a hydra
 25849 | Lair:3   | Reached XP level 13. HP: 50/83 MP: 22/32
 25897 | Lair:4   | Reached skill level 1 in Ice Magic
 25952 | Lair:4   | Noticed a four-headed hydra
 25967 | Lair:4   | Killed a hydra
 26173 | Lair:4   | Found an iron altar of Okawaru.
 26214 | Lair:4   | Upgraded the game from 0.13-a0-2156-ga9a2eb8 to 0.13-a0-2174-g3a0f4b0
 26231 | Lair:4   | Acquired Zin's fourth power
 26902 | Lair:5   | Found a white marble altar of Elyvilon.
 26958 | Lair:5   | Noticed Maud
 26995 | Lair:5   | Noticed a four-headed hydra
 27052 | Lair:5   | Killed Maud
 27052 | Lair:5   | Reached skill level 11 in Charms
 27111 | Lair:5   | Killed a hydra
 27111 | Lair:5   | Reached skill level 5 in Traps
 27122 | Lair:5   | Noticed Rupert
 28174 | D:13     | Noticed Grum
 28231 | D:13     | Reached skill level 10 in Spellcasting
 28267 | D:13     | Killed Grum
 28729 | D:14     | Entered Level 14 of the Dungeon
 29126 | D:14     | Found a basalt altar of Yredelemnul.
 29790 | D:14     | Found Qiudaax's Weapon Boutique.
 30189 | Shoals:1 | Entered Level 1 of the Shoals
 30189 | Shoals:1 | Noticed Roxanne
 30225 | Shoals:1 | Killed Roxanne
 30225 | Shoals:1 | Reached skill level 10 in Invocations
 30765 | Lair:2   | Learned a level 3 spell: Flight
 31145 | Shoals:2 | Reached skill level 10 in Dodging
 31496 | Shoals:1 | Reached XP level 14. HP: 37/90 MP: 13/33
 31832 | D:15     | Entered Level 15 of the Dungeon
 32887 | D:15     | Reached skill level 5 in Evocations
 34209 | D:15     | Reached skill level 12 in Charms
 34561 | D:15     | Found a shimmering altar of Xom.
 34569 | D:15     | Found a shimmering altar of Xom.
 34570 | D:15     | Found a shimmering altar of Xom.
 34668 | D:15     | Got a distressingly furry chain mail
 34690 | D:15     | Identified the +7 chain mail of Royalty {rC+ Str+2 Stlth} (You found it on level 15 of the Dungeon)
 35054 | Lair:4   | Reached skill level 10 in Air Magic
 36064 | Lair:6   | Found a dark tunnel.
 36102 | Volcano  | Entered a volcano
 36472 | Lair:5   | Noticed Fannar
 36511 | Lair:5   | Killed Fannar
 37245 | Lair:6   | Identified a +5 rod of venom (10/10) (You found it on level 6 of the Lair of Beasts)
 37420 | Lair:5   | Paralysed by Rupert for 5 turns
 37753 | Lair:6   | Found a staircase to the Snake Pit.
 38178 | Lair:6   | Found a hole to the Spider Nest.
 38209 | Lair:6   | Found a staircase to the Slime Pits.
 38583 | Lair:6   | the staircase to the Snake Pit was a mimic.
 39336 | Lair:7   | Found a shimmering altar of Xom.
 39494 | Lair:7   | Reached XP level 15. HP: 73/96 MP: 8/35
 40072 | Lair:8   | Entered Level 8 of the Lair of Beasts
 40684 | Lair:8   | Learned a level 2 spell: Blink
 40888 | Lair:2   | Learned a level 3 spell: Abjuration
 41083 | Lair:8   | Slain by a death yak

Action                   |  1- 3 |  4- 6 |  7- 9 | 10-12 | 13-15 || total
-------------------------+-------+-------+-------+-------+-------++-------
Melee: Short sword       |   150 |    21 |    90 |       |       ||   261
       Dagger            |       |    75 |   207 |    26 |       ||   308
       Falchion          |       |       |   170 |  1094 |   871 ||  2135
       Great sword       |       |       |       |    52 |   195 ||   247
 Fire: Blowgun           |       |       |       |       |    20 ||    20
Throw: Dagger            |       |       |       |     2 |       ||     2
 Cast: Infusion          |    26 |    14 |    52 |   105 |   105 ||   302
       Shroud of Golubri |     5 |    11 |    49 |    46 |       ||   111
       Song of Slaying   |     4 |     3 |    10 |    45 |    37 ||    99
       Spectral Weapon   |       |     5 |    26 |    85 |   116 ||   232
       Swiftness         |       |       |     7 |    22 |    40 ||    69
       Repel Missiles    |       |       |     5 |    15 |    23 ||    43
       Ozocubu's Armour  |       |       |       |     1 |   101 ||   102
       Flight            |       |       |       |       |    10 ||    10
       Blink             |       |       |       |       |     1 ||     1
Invok: Vitalisation      |       |       |     1 |     7 |     8 ||    16
       Recite            |       |       |       |     8 |     5 ||    13
       Imprison          |       |       |       |       |     2 ||     2
       Sanctuary         |       |       |       |       |     1 ||     1
 Abil: Stop Singing      |       |       |       |     1 |       ||     1
Evoke: Wand              |     1 |     1 |    15 |    29 |     9 ||    55
       Rod               |       |       |       |       |     6 ||     6
  Use: Scroll            |     4 |     3 |     3 |    28 |    17 ||    55
       Potion            |       |       |    13 |     3 |     6 ||    22
 Stab: Distracted        |       |     2 |     1 |     5 |    24 ||    32
       Confused          |       |       |     1 |     1 |       ||     2
       Invisible         |       |       |       |     6 |     2 ||     8
       Sleeping          |       |       |       |     4 |     4 ||     8
